 Dungeon Crawl Stone Soup version 0.18.1-1-g2f07953 (webtiles) character file.

184 Gorfmaster the Chopper (level 5, -5/41 HPs)
             Began as a Demonspawn Abyssal Knight on Sept 30, 2016.
             Was a Priest of Lugonu.
             Slain by a wight
             ... wielding a +3 halberd
              (7 damage)
             ... on level 4 of the Dungeon.
             The game lasted 00:18:23 (3815 turns).

Gorfmaster the Chopper (Demonspawn Abyssal Knight)  Turns: 3815, Time: 00:18:26

Health: -5/41      AC: 19    Str: 13    XL:     5   Next: 36%
Magic:  6/6        EV:  6    Int: 14    God:    Lugonu [***...]
Gold:   145        SH:  7    Dex: 12    Spells: 0 memorised, 4 levels left

rFire  . . .     SeeInvis .     a - +1 hand axe
rCold  . . .     Gourm    .     i - +0 scale mail
rNeg   . . .     Faith    .     l - +1 shield
rPois  .         Spirit   .     (helmet restricted)
rElec  .         Dismiss  .     (no cloak)
rCorr  .         Reflect  .     (no gloves)
SustAt .         Harm     .     (no boots)
MR     +....                    (no amulet)
Stlth  ..........               e - +5 ring of protection
                                o - +4 ring of protection

@: about to teleport, heavily drained, somewhat resistant to hostile
enchantments, extremely unstealthy
A: horns 1, iridescent scales 1, magic resistance 1, rot immunity, sturdy frame
1
a: Depart the Abyss, Bend Space, Banish, Renounce Religion


You were on level 4 of the Dungeon.
You worshipped Lugonu.
Lugonu was most pleased with you.
You were not hungry.

You visited 1 branch of the dungeon, and saw 4 of its levels.
You visited the Abyss 1 time.

You collected 145 gold pieces.

Inventory:

Hand Weapons
 a - a +1 hand axe (weapon)
Armour
 i - a +0 scale mail (worn)
 l - a +1 shield (worn)
Jewellery
 e - a +5 ring of protection (right hand)
 o - a +4 ring of protection (left hand)
Scrolls
 j - a scroll of enchant weapon {unknown}
 m - a scroll of amnesia
 p - 2 scrolls of magic mapping
 s - a scroll of enchant armour
 t - a scroll of teleportation
Potions
 d - a potion of brilliance {unknown}
 f - a potion of flight
 g - 2 potions of agility {unknown}
 h - 3 potions of cancellation
 k - a potion of might {unknown}
 q - 2 potions of heal wounds {unknown}
 u - a potion of magic {unknown}
Comestibles
 b - 2 meat rations
 c - a bread ration
 n - 5 chunks of flesh


   Skills:
 - Level 3.0(1.4) Fighting
 + Level 5.1(3.5) Axes
 - Level 1.7(0.2) Armour
 - Level 0.8(0.0) Dodging
 - Level 2.4(0.8) Invocations


You had 4 spell levels left.
You didn't know any spells.

Dungeon Overview and Level Annotations

Branches:
Dungeon (4/15)
 Temple: D:4-7

Altars:
Gozag
Kikubaaqudgha
Pakellas
Sif Muna


Innate Abilities, Weirdness & Mutations

You are partially covered in iridescent scales (AC +4).
You are immune to rotting.
You have a pair of small horns on your head.
You are resistant to hostile enchantments.
Your movements are slightly less encumbered by armour (ER -2).


Message History

You block the wight's attack.
The wight hits you from afar with an enchanted spear.
You feel drained. The wight hits you but does no damage.
You completely miss the wight.
The wight is heavily damaged.
The wight hits you but does no damage. The wight closely misses you.
The wight barely misses you.
Your shield prevents you from hitting the wight.
The wight is heavily damaged.
The wight hits you from afar with an enchanted halberd!
* * * LOW HITPOINT WARNING * * *
You feel drained. You block the wight's attack.
As you read the scroll of teleportation, it crumbles to dust.
You feel strangely unstable. The wight barely misses you.
The wight hits you with an enchanted battleaxe.
* * * LOW HITPOINT WARNING * * *
You feel drained.
* * * LOW HITPOINT WARNING * * *
The wight hits you from afar with an enchanted halberd!
You die...

# #......#..≈≈≈≈≈..#z. #
#......#.≈≈≈≈...##z#####
#
#......#..≈≈≈...##.....#
#
#[.....#..≈≈≈≈...#.....#
#
+......#....≈..z.z.....#
#
#......###.z..z....#####
#####.........zz######.#
#...#..........z#......+
....#...........@......#
....#...........#......#
....#...........########
....#...........#
##'##...........#
................#
.....######.....#
.....#....#.....#
.....#....#.....#


You could see 4 wights.

Vanquished Creatures
  2 worker ants (D:4)
  6 adders
  An ooze (D:3)
  2 dart slugs
  5 giant geckos
  An orc (D:4)
  2 ball pythons
  4 giant cockroaches
  9 hobgoblins
  3 jackals (D:1)
  5 quokkas
  7 bats
  5 giant newts
  6 goblins
  A jackal skeleton (D:4)
  5 kobolds
  7 rats
  A fungus (D:2)
72 creatures vanquished.

Notes
Turn   | Place    | Note
--------------------------------------------------------------
     0 | Abyss:1  | Gorfmaster the Demonspawn Abyssal Knight began the quest for the Orb.
     0 | Abyss:1  | Reached XP level 1. HP: 18/18 MP: 2/2
    65 | Abyss:1  | Noticed a small abomination
    68 | D:1      | Escaped the Abyss
   348 | D:1      | Reached skill level 2 in Axes
   432 | D:1      | Gained mutation: You are partially covered in iridescent scales (AC +4). [demonic ancestry]
   432 | D:1      | Reached XP level 2. HP: 6/24 MP: 3/3
   707 | D:1      | Reached * piety under Lugonu
   838 | D:1      | Reached skill level 3 in Axes
  1162 | D:1      | Gained mutation: You have a pair of small horns on your head. [potion of mutation]
  1162 | D:1      | Gained mutation: Your movements are slightly less encumbered by armour (ER -2). [potion of mutation]
  1162 | D:1      | Gained mutation: You are resistant to hostile enchantments. [potion of mutation]
  1203 | D:2      | Gained mutation: You are immune to rotting. [demonic ancestry]
  1203 | D:2      | Reached XP level 3. HP: 29/29 MP: 4/4
  1478 | D:2      | Found an opulent altar of Gozag.
  1478 | D:2      | Found a deep blue altar of Sif Muna.
  1799 | D:2      | Found an oddly glowing altar of Pakellas.
  1902 | D:2      | Reached skill level 4 in Axes
  1902 | D:2      | Reached XP level 4. HP: 35/35 MP: 5/5
  1937 | D:2      | Reached ** piety under Lugonu
  2055 | D:2      | Found a faded altar to an unknown god.
  3276 | D:4      | Reached XP level 5. HP: 18/41 MP: 6/6
  3610 | D:4      | Reached *** piety under Lugonu
  3673 | D:4      | Reached skill level 5 in Axes
  3775 | D:4      | Found an ancient bone altar of Kikubaaqudgha.
  3815 | D:4      | HP: 2/41 [wight/enchanted battleaxe (1)]
  3815 | D:4      | Slain by a wight

Skill      XL: |  1  2  3  4  5 |
---------------+----------------+-----
Axes           | 2 3 4 5 |  5.1
Fighting       | |  3.0
Armour         | |  1.7
Dodging        | |  0.8
Invocations    | |  2.4

Action                   |  1- 3 |  4- 6 || total
-------------------------+-------+-------++-------
Melee: Hand axe          |   126 |   150 ||   276
       Headbutt          |     6 |    21 ||    27
Invok: Depart the Abyss  |     1 |       ||     1
  Use: Scroll            |     8 |     6 ||    14
       Potion            |     1 |       ||     1
  Eat: Chunk             |     3 |     7 ||    10
Armor: Leather armour    |    25 |       ||    25
       Ring mail         |    58 |    29 ||    87
       Scale mail        |       |    38 ||    38
Dodge: Dodged            |    48 |    38 ||    86
Block: Shield            |    25 |    44 ||    69
